 Dungeon Crawl Stone Soup version 0.29.1-12-g30fa7ad0bf (webtiles) character file.

Game seed: 12663418630196171471

676 retardedninja the Ruffian (level 7, -3/66 HPs)
             Began as a Troll Fighter on Dec 15, 2022.
             Slain by Pikel
             ... wielding a +1 whip of electrocution
              (8 damage)
             ... on level 4 of the Dungeon.
             The game lasted 00:03:59 (2379 turns).

retardedninja the Ruffian (Troll Fighter)           Turns: 2379, Time: 00:04:00

Health: -3/66      AC:  2    Str: 27    XL:     7   Next: 33%
Magic:  6/6        EV: 10    Int:  4    God:
Gold:   116        SH:  0    Dex:  9    Spells: 6/6 levels left

rFire   . . .      SeeInvis .     - Unarmed
rCold   . . .      Faith    .   (no shield)
rNeg    . . .      Spirit   .   (body armour restricted)
rPois   .          Reflect  .   (helmet restricted)
rElec   .          Harm     .   (no cloak)
rCorr   .          Rampage  .   (gloves unavailable)
Will    .....                   (boots unavailable)
Stlth   +.........              (no amulet)
HPRegen 1.01/turn               (no ring)
MPRegen 0.10/turn               (no ring)

@: mighty
A: large, unfitting armour, claws 3, regeneration 1, shaggy fur 1, tough skin 1
a: no special abilities


You were on level 4 of the Dungeon.
You visited 1 branch of the dungeon, and saw 4 of its levels.

You collected 116 gold pieces.

Inventory:

Hand Weapons
 c - the +5 quick blade of Zurr {antimagic, *Rage *Noise rC+++ rCorr}
   (You acquired it on level 3 of the Dungeon)

   It reduces the magical energy of the wielder, and disrupts the spells and
   magical abilities of those it strikes.
   Natural abilities and divine invocations are not affected.
   rC:        It renders you almost immune to cold.
   *Noise:    It may make noises in combat.
   *Rage:     It berserks you when you make melee attacks (+20% chance).
   rCorr:     It protects you from acid and corrosion.
Scrolls
 f - 2 scrolls of vulnerability {unknown}
 i - 3 scrolls of teleportation
 m - a scroll of butterflies {unknown}
Potions
 a - a potion of lignification
 e - a potion of brilliance {unknown}
 g - a potion of ambrosia
 h - a potion of cancellation
 j - a potion of heal wounds
 k - 2 potions of flight
 n - 2 potions of degeneration


   Skills:
 - Level 2.7 Fighting
 - Level 1.8 Maces & Flails
 - Level 2.5 Dodging
 - Level 2.8 Shields
 + Level 7.7 Unarmed Combat


You had 6 spell levels left.
You didn't know any spells.
Your spell library was empty.

Dungeon Overview and Level Annotations

Branches:
Dungeon (4/15)
 Temple: D:4-7

Altars:
Dithmenos
Nemelex Xobeh

Annotations:
D:4 Pikel


Innate Abilities, Weirdness & Mutations

You are too large for most types of armour.
You have claws for hands.
Your natural rate of healing is unusually fast.
You are covered in fur. (AC +1)
You have tough skin. (AC +1)


Message History

The lemure is almost dead.
The lemure hits you!
You scratch the lemure but do no damage.
The lemure is severely wounded.
The lemure barely misses you. The lemure hits you but does no damage.
Unknown command.
Unknown command.
You feel very mighty all of a sudden. The lemure hits you.
Unknown command.
You barely miss the lemure.
The lemure is severely wounded.
You claw the lemure!
You kill the lemure!
That felt strangely unrewarding.
The lemure hits you! The lemure barely misses you.
Unknown command.
Unknown command.
You miss Pikel. The lemure closely misses you. Pikel barely misses you.
The lemure completely misses you. The lemure hits you.
Unknown command.
You claw Pikel! x2
Pikel is heavily wounded.
The lemure hits you. x2; Pikel misses you.
The lemure hits you.
Unknown command.
You closely miss Pikel.
Pikel is heavily wounded.
Pikel hits you with a +1 whip of electrocution.
You are electrocuted!
* * * LOW HITPOINT WARNING * * *
The lemure closely misses you. The lemure hits you but does no damage.
The lemure completely misses you.
You are too injured to fight recklessly!
You are too injured to fight recklessly!
You closely miss Pikel.
Pikel is heavily wounded.
Pikel hits you with a +1 whip of electrocution!
* * * LOW HITPOINT WARNING * * *
You are electrocuted!
You die...

#.)...#
#.....##
#......
#.....#
#.....#
#.....#
#.5K5.#
#.5@..#
###.###
#.# #.#
#.# #.#
#.# #.#
#.#


You could see Pikel and 3 lemures.

Vanquished Creatures
  Grinder (D:3)
  Sigmund (D:2)
  A lemure (D:4)
  A howler monkey (D:4)
  A jelly (D:3)
  An orc priest (D:3)
  An orc wizard (D:3)
  Terence (D:3)
  Ijyb (D:3)
  Natasha (thrice) (D:3)
  An adder (D:3)
  2 worms
  A dart slug (D:3)
  5 orcs (D:3)
  4 endoplasms
  A giant cockroach (D:1)
  4 goblins
  7 hobgoblins
  6 jackals (D:3)
  4 quokkas
  6 ball pythons
  6 bats
  6 frilled lizards
  6 kobolds
  6 rats
77 creatures vanquished.

Notes
Turn   | Place    | Note
-------+----------+-------------------------------------------
     0 | D:1      | retardedninja the Troll Fighter began the quest for the
                  | Orb.
     0 | D:1      | Reached XP level 1. HP: 22/22 MP: 0/0
   258 | D:1      | Reached XP level 2. HP: 28/29 MP: 1/1
   436 | D:1      | Reached skill level 1 in Unarmed Combat
   692 | D:2      | Reached XP level 3. HP: 20/36 MP: 2/2
   728 | D:2      | Found a sparkling altar of Nemelex Xobeh.
   773 | D:2      | Reached skill level 2 in Unarmed Combat
  1003 | D:2      | Noticed Sigmund
  1009 | D:2      | Killed Sigmund
  1010 | D:2      | Reached skill level 4 in Unarmed Combat
  1010 | D:2      | Reached XP level 4. HP: 44/44 MP: 3/3
  1010 | D:2      | Reached XP level 5. HP: 50/50 MP: 4/4
  1392 | D:3      | Noticed Grinder
  1415 | D:3      | Killed Grinder
  1416 | D:3      | Reached skill level 6 in Unarmed Combat
  1416 | D:3      | Reached XP level 6. HP: 25/59 MP: 5/5
  1450 | D:3      | Noticed Natasha
  1462 | D:3      | Killed Natasha
  1575 | D:3      | Noticed Natasha
  1603 | D:3      | Killed Natasha
  1604 | D:3      | Reached skill level 7 in Unarmed Combat
  1680 | D:3      | Reached XP level 7. HP: 66/66 MP: 6/6
  1805 | D:3      | Noticed Ijyb
  1807 | D:3      | Noticed Terence
  1815 | D:3      | Killed Terence
  1821 | D:3      | Killed Ijyb
  1918 | D:3      | Noticed Natasha
  1930 | D:3      | Killed Natasha
  2137 | D:3      | Found a faded altar of an unknown god.
  2304 | D:3      | Identified a scroll of acquirement
  2304 | D:3      | Acquired the +5 quick blade of Zurr {antimagic, *Rage
                  | *Noise rC+++ rCorr}
  2314 | D:4      | Found a shadowy altar of Dithmenos.
  2368 | D:4      | Noticed Pikel
  2379 | D:4      | Slain by Pikel

Illustrated notes

Levels and vault maps discovered:
D:1:      dpeg_arrival_boxorama, layout_rooms, nrook_uturn, serial_park_tiny_2,
          amethyst_killhole
D:2:      layout_loops_ring, basic_altar, minmay_misc_feat_secret_circle,
          uniq_sigmund
D:3:      layout_rooms, nicolae_ecumenical_lake_church, nrook_mini_backslash,
          uniq_terence, uniq_grinder, uniq_ijyb, uniq_natasha
D:4:      layout_rooms, mainiacjoe_overflow_cross_hatched,
          mainiacjoe_overflow_catwalk, uniq_pikel

Skill      XL: |  1  2  3  4  5  6 |
---------------+-------------------+-----
Unarmed Combat | 1 4 6 7 |  7.7
Fighting       | |  2.7
Maces & Flails | |  1.8
Dodging        | |  2.5
Shields        | |  2.8

Action                   |  1- 3 |  4- 6 |  7- 9 || total
-------------------------+-------+-------+-------++-------
Melee: Unarmed           |    76 |    74 |    58 ||   208
       Punch             |     1 |     3 |     1 ||     5
  Use: Scroll            |     1 |     3 |     5 ||     9
       Potion            |     1 |     2 |     2 ||     5
 Stab: Sleeping          |       |       |     1 ||     1
Armor: Skin              |    17 |    40 |    14 ||    71
Dodge: Dodged            |    36 |    24 |    69 ||   129
